 Dungeon Crawl Stone Soup version 0.30-a0-371-gad7725a93e (webtiles) character file.

Game seed: 14282806405884237891

1192 innerfire433 the Trooper (level 8, -3/62 HPs)
             Began as a Demonspawn Monk on Nov 21, 2022.
             Was a Believer of Makhleb.
             Killed from afar by an electric eel (12 damage)
             ... with a bolt of electricity
             ... on level 6 of the Dungeon.
             The game lasted 00:14:17 (5072 turns).

innerfire433 the Trooper (Demonspawn Monk)          Turns: 5072, Time: 00:14:17

Health: -3/62      AC:  2    Str: 11    XL:     8   Next: 20%
Magic:  15/15      EV: 18    Int: 15    God:    Makhleb [**....]
Gold:   232        SH:  4    Dex: 15    Spells: 16/16 levels left

rFire   . . .      SeeInvis .    m - +1 spear (vamp)
rCold   . . .      Faith    .    (no shield)
rNeg    + + .      Spirit   .    x - +0 robe {rN+}
rPois   .          Reflect  .    (helmet restricted)
rElec   .          Harm     .    (no cloak)
rCorr   .          Rampage  .    (no gloves)
Will    .....                    (no boots)
Stlth   ++........               (no amulet)
HPRegen 0.30/turn                i - ring of positive energy
MPRegen 0.14/turn                p - +4 ring of evasion

@: no status effects
A: antennae 1, large bone plates 1, spiny 1
a: Renounce Religion, Minor Destruction


You were on level 6 of the Dungeon.
You worshipped Makhleb.
Makhleb was pleased with you.
You visited 2 branches of the dungeon, and saw 7 of its levels.

You collected 232 gold pieces.

Inventory:

Hand Weapons
 a - a +0 hand axe
 m - a +1 vampiric spear (weapon)
Missiles
 n - 3 boomerangs (quivered)
 o - 3 boomerangs of dispersal
Armour
 b - a +0 robe
 k - a +0 plate armour
 v - a +1 scale mail of cold resistance
 x - a +0 robe of positive energy (worn)
Jewellery
 i - a ring of positive energy (left hand)
 p - a +4 ring of evasion (right hand)
Wands
 s - a wand of flame (16)
Scrolls
 d - 2 scrolls of fog
 f - a scroll of blinking
 h - a scroll of torment
 j - a scroll of vulnerability
 l - 4 scrolls of identify
 u - a scroll of silence
 w - 4 scrolls of teleportation
 y - 2 scrolls of magic mapping {unknown}
 z - a scroll of summoning {unknown}
Potions
 c - 2 potions of ambrosia
 g - a potion of resistance {unknown}
 q - a potion of brilliance {unknown}
 r - a potion of flight {unknown}
 t - 2 potions of mutation {unknown}


   Skills:
 + Level 5.0 Fighting
 - Level 3.0(4.3) Axes
 * Level 4.7(5.1) Polearms
 + Level 4.5 Dodging
 - Level 2.0 Stealth
 * Level 4.8 Spellcasting


You had 16 spell levels left.
You didn't know any spells.
Your spell library contained the following spells:

 Spells                   Type           Power      Damage    Failure   Level
 Summon Small Mammal      Summ           12%        N/A       17%         1
 Cigotuvi's Dreadful Rot  Necr/Pois/Air  6%         N/A       26%         2
 Poisonous Vapours        Pois/Air       6%         N/A       26%         2
 Call Canine Familiar     Summ           3%         N/A       45%         3
 Gell's Gravitas          Tloc           3%         N/A       45%         3
 Inner Flame              Hex/Fire       3%         N/A       45%         3
 Lesser Beckoning         Tloc           6%         N/A       45%         3
 Mephitic Cloud           Conj/Pois/Air  3%         N/A       45%         3
 Summon Guardian Golem    Hex/Summ       3%         N/A       45%         3
 Teleport Other           Tloc           3%         N/A       45%         3
 Arcjolt                  Conj/Air       1%         1d11      99%         5
 Lightning Bolt           Conj/Air       1%         1d12      99%         5
 Spellforged Servitor     Conj/Summ      1%         N/A       100%        7


Dungeon Overview and Level Annotations

Branches:
Dungeon (6/15)             Temple (1/1) D:4

Altars:
Ashenzari
Dithmenos
Fedhas
Gozag
Hepliaklqana
Makhleb
Okawaru
Qazlal
Ru
Sif Muna
Trog
Uskayaw
Vehumet
Wu Jian
Xom

Shops:
D:4 (


Innate Abilities, Weirdness & Mutations

You have a pair of small antennae on your head.
You are partially covered in large bone plates. (SH +4)
You are partially covered in sharp spines.


Message History

Reach: m) +1 spear (vamp)
Press: ? - help, Dir - move target, f/p - electric eel
Aim: an electric eel (lightly wounded, about 49% to evade your +1 vampiric spear)
You miss the electric eel.
The electric eel is lightly wounded.
Reach: m) +1 spear (vamp)
Press: ? - help, Dir - move target, f/p - electric eel
Aim: an electric eel (lightly wounded, about 49% to evade your +1 vampiric spear)
You hit the electric eel.
You feel better.
The electric eel is lightly wounded.
The electric eel shoots out a bolt of lightning at you!
The bolt of electricity misses you.
Reach: m) +1 spear (vamp)
Press: ? - help, Dir - move target, f/p - electric eel
Aim: an electric eel (lightly wounded, about 49% to evade your +1 vampiric spear)
You hit the electric eel.
You feel better.
The electric eel is moderately wounded.
The electric eel shoots out a bolt of lightning at you!
The bolt of electricity hits you!
* * * LOW HITPOINT WARNING * * *
Reach: m) +1 spear (vamp)
Press: ? - help, Dir - move target, f/p - electric eel
Aim: an electric eel (moderately wounded, about 49% to evade your +1 vampiric spear)
You barely miss the electric eel.
The electric eel is moderately wounded.
Reach: m) +1 spear (vamp)
Press: ? - help, Dir - move target, f/p - electric eel
Aim: an electric eel (moderately wounded, about 49% to evade your +1 vampiric spear)
You closely miss the electric eel.
The electric eel is moderately wounded.
The electric eel shoots out a bolt of lightning at you!
The bolt of electricity misses you.
Reach: m) +1 spear (vamp)
Press: ? - help, Dir - move target, f/p - electric eel
Aim: an electric eel (moderately wounded, about 49% to evade your +1 vampiric spear)
You hit the electric eel.
You feel better.
The electric eel is heavily wounded.
The electric eel shoots out a bolt of lightning at you!
The bolt of electricity hits you!
You die...

####.....~~~≈~≈~..
<(.......~~~≈≈~.P~
..........~~≈≈~~≈P
...........P~≈≈≈~....
.............~P~≈≈≈~....
....#......##...~≈≈≈~~...
...........##..S~~≈≈≈....
..............@..~≈≈~.P..
.......##.......~≈≈≈~~..
..........##......~~~≈≈P...
...####...##.......~~~≈.P..
...................~≈~~....
.....##......#####.~~~~~...
.....##........###.~~≈~....
.....#.<.......'...~~≈≈~...
...............#..†.~≈~~...


You could see an electric eel.

Vanquished Creatures
  A water moccasin (D:6)
  An ice beast (D:6)
  A black bear (D:5)
  An ogre (D:5)
  A phantom (D:5)
  A scorpion (D:5)
  An electric eel (D:6)
  A howler monkey (D:6)
  A jelly (D:6)
  2 hounds
  8 iguanas
  2 orc wizards
  7 gnolls
  9 adders
  A white imp (D:5)
  2 ufetubi
  A worm (D:4)
  A dart slug (D:5)
  7 orcs
  8 ball pythons
  6 endoplasms
  5 giant cockroaches
  5 goblins
  4 hobgoblins
  2 jackals (D:1)
  5 quokkas
  8 bats
  5 frilled lizards
  5 kobolds
  3 rats
105 creatures vanquished.

Vanquished Creatures (others)
  An orc wizard (D:3)
  2 plants (D:6)
3 creatures vanquished.

Grand Total: 108 creatures vanquished

Notes
Turn   | Place    | Note
-------+----------+-------------------------------------------
     0 | D:1      | innerfire433 the Demonspawn Monk began the quest for the
                  | Orb.
     0 | D:1      | Reached XP level 1. HP: 18/18 MP: 1/1
    89 | D:1      | Gained mutation: You are partially covered in sharp spines.
                  | [demonic ancestry]
    89 | D:1      | Reached XP level 2. HP: 21/24 MP: 2/2
   117 | D:1      | Got Feihol's Guide on the Incandescent Salvo
   532 | D:2      | Reached XP level 3. HP: 29/29 MP: 3/3
   584 | D:2      | Reached skill level 1 in Spellcasting
   604 | D:2      | Reached skill level 1 in Polearms
   604 | D:2      | Gained mutation: You are partially covered in large bone
                  | plates. (SH +4) [demonic ancestry]
   604 | D:2      | Reached XP level 4. HP: 17/35 MP: 4/6
  1493 | D:3      | Reached XP level 5. HP: 37/42 MP: 6/8
  1594 | D:3      | Found a glowing drain.
  2341 | D:4      | Reached XP level 6. HP: 48/48 MP: 9/9
  2371 | D:4      | Reached skill level 4 in Fighting
  2414 | D:4      | Found a staircase to the Ecumenical Temple.
  2433 | Temple   | Entered the Ecumenical Temple
  3007 | Temple   | Became a worshipper of Makhleb the Destroyer
  3007 | Temple   | Reached * piety under Makhleb
  3007 | Temple   | Reached ** piety under Makhleb
  3058 | D:4      | Found Cafusumm's Weapon Boutique.
  3506 | D:5      | Entered Level 5 of the Dungeon
  3904 | D:5      | Found an iron altar of Okawaru.
  4154 | D:5      | Gained mutation: You have a pair of small antennae on your
                  | head. [demonic ancestry]
  4154 | D:5      | Reached XP level 7. HP: 44/55 MP: 12/12
  4795 | D:6      | Reached XP level 8. HP: 41/61 MP: 14/14
  4927 | D:6      | Reached skill level 5 in Fighting
  5072 | D:6      | Killed from afar by an electric eel

Illustrated notes

Levels and vault maps discovered:
D:1:      matt_arrival_spirals, layout_rooms
D:2:      layout_loops_ring, minmay_diced_spiral
D:3:      layout_basic, portal_sewer_entry_f
D:4:      layout_cave_pools, temple_fountains, serial_shops,
          kennysheep_mini_moat, serial_park_tiny_2
D:5:      layout_basic, kennysheep_little_box
D:6:      layout_basic, chequers_serial_rivers_micro_c, chequers_big_river,
          kennysheep_small_circle
Temple:   bh_familiar_temple

Skill      XL: |  1  2  3  4  5  6  7  8 |
---------------+-------------------------+-----
Stealth        | 2 |  2.0
Dodging        | 3 4 |  4.5
Axes           | 3 |  3.0
Spellcasting   | 1 2 3 4 |  4.8
Polearms       | 1 2 3 4 |  4.7
Fighting       | 4 5 |  5.0

Action                   |  1- 3 |  4- 6 |  7- 9 || total
-------------------------+-------+-------+-------++-------
Melee: Hand axe          |    37 |       |       ||    37
       Punch             |     2 |     1 |     4 ||     7
       Spear             |    31 |   226 |   137 ||   394
  Use: Scroll            |       |     9 |       ||     9
       Potion            |       |     2 |     2 ||     4
 Stab: Sleeping          |     1 |     8 |     2 ||    11
       Distracted        |       |       |     1 ||     1
Armor: Robe              |    15 |    15 |     7 ||    37
Dodge: Dodged            |    52 |   114 |    52 ||   218
Block: Other             |       |    40 |    15 ||    55

Table legend: (Time is in decaauts)
 A = Elapsed time spent in this place.
 B = Non-inter-level travel time spent in this place.
 C = Inter-level travel time spent in this place.
 D = Time resting spent in this place.
 E = Time spent auto-exploring this place.
 F = Levels seen in this place.
 G = Mean time per level.
                   A        B        C        D        E       F      G
               +--------+--------+--------+--------+--------+-----+--------+
         Total |   5061 |   4936 |    125 |      0 |   3466 |   7 |  723.0 |
       Dungeon |   4450 |   4325 |    125 |      0 |   3357 |   6 |  741.7 |
        Temple |    610 |    610 |      0 |      0 |    109 |   1 |  610.0 |
               +--------+--------+--------+--------+--------+-----+--------+

Top non-repeatable levels by time:
     D:5: 1042 daAuts
     D:3: 1032 daAuts
     D:4: 683 daAuts
     D:2: 677 daAuts
  Temple: 610 daAuts
     D:1: 513 daAuts
     D:6: 501 daAuts
